 Dungeon Crawl Stone Soup version 0.23-a0-419-g0174fd8 (webtiles) character file.

28191 turbosurveil the Fighter (level 13, -6/135 HPs)
             Began as a Hill Orc Hunter on Nov 10, 2018.
             Was an Elder of Vehumet.
             Mangled by a rime drake (8 damage)
             ... on level 5 of the Lair of Beasts on Nov 11, 2018.
             The game lasted 02:14:13 (27848 turns).

turbosurveil the Fighter (Hill Orc Hunter)         Turns: 27848, Time: 02:14:14

Health: -6/135     AC: 12    Str: 17    XL:     13   Next: 37%
Magic:  18/19      EV: 12    Int: 17    God:    Vehumet [****..]
Gold:   593        SH:  0    Dex: 12    Spells: 2/20 levels left

rFire    x . .     SeeInvis .   (weapon currently unavailable)
rCold    + + +     Gourm    .   (shield currently unavailable)
rNeg     . . .     Faith    .   (armour currently unavailable)
rPois    +         Spirit   .   (helmet currently unavailable)
rElec    .         Reflect  .   (cloak currently unavailable)
rCorr    .         Harm     .   (gloves currently unavailable)
MR       .....     Rnd*Rage +   (boots currently unavailable)
Stlth    +.........             (no amulet)
HPRegen  0.32/turn              y - +4 ring of intelligence
MPRegen  0.16/turn              l - +4 ring of protection

@: ice-form
A: large, berserk 1, MP-powered wands
a: End Transformation, Renounce Religion


You were on level 5 of the Lair of Beasts.
You worshipped Vehumet.
Vehumet was greatly pleased with you.
You were hungry.
You were a creature of crystalline ice.
You visited 3 branches of the dungeon, and saw 18 of its levels.
You also visited: Sewer.

You collected 1084 gold pieces.
You spent 491 gold pieces at shops.

Inventory:

Hand Weapons
 c - a +0 longbow of freezing
 t - a +2 whip of electrocution (melded)
 x - a +0 blowgun
Missiles
 d - 365 arrows
 r - 16 curare-tipped needles
 u - 4 javelins (quivered)
Armour
 b - a +1 buckler (melded)
 p - a +0 helmet (melded)
 E - a +0 robe of positive energy
 F - a +2 cloak (melded)
 G - the +3 leather armour "Nut Reti" (melded) {rF- rN+ Str+2 Int+10}
   (You found it on level 11 of the Dungeon)

   It affects your strength (+2).
   It affects your intelligence (+10).
   It makes you vulnerable to fire.
   It protects you from negative energy.
 H - a +1 hat
 J - a +0 pair of boots (melded)
 L - a +0 pair of gloves (melded)
Jewellery
 l - a +4 ring of protection (right front paw)
 y - a +4 ring of intelligence (left front paw)
 A - a +3 ring of dexterity
 C - an uncursed ring of see invisible
Wands
 q - a wand of polymorph (5)
 z - a wand of paralysis (13)
 K - a wand of scattershot (5)
 M - a wand of flame (25)
 P - a wand of iceblast (11)
Scrolls
 g - 2 scrolls of fog
 h - 3 scrolls of magic mapping
 j - 8 scrolls of teleportation
 m - 4 scrolls of identify
 n - a scroll of vulnerability
 s - 3 scrolls of immolation
 w - 2 scrolls of torment
 B - 2 scrolls of remove curse
 D - 3 scrolls of fear
 N - 4 scrolls of enchant weapon
 O - a scroll of summoning {unknown}
Potions
 e - 3 potions of brilliance
 i - 2 potions of flight
 k - a potion of agility
 o - 2 potions of ambrosia
 v - 7 potions of curing
 I - a potion of invisibility
Comestibles
 f - 10 rations


   Skills:
 - Level 10.0 Fighting
 * Level 6.9 Maces & Flails
 - Level 6.7 Bows
 + Level 9.5 Armour
 - Level 4.6 Dodging
 - Level 0.7 Stealth
 - Level 4.0 Shields
 - Level 4.0 Spellcasting
 + Level 4.5 Necromancy
 - Level 6.0 Transmutations
 - Level 10.0 Ice Magic
 + Level 3.2 Evocations


You had 2 spell levels left.
You knew the following spells:

 Your Spells              Type           Power        Failure   Level  Hunger
a - Throw Frost           Conj/Ice       ###...       1%          2    ##.....
b - Summon Ice Beast      Ice/Summ       ###.....     21%         4    ####...
c - Ice Form              Ice/Tmut       ####....     6%          4    ####...
d - Animate Skeleton      Necr           N/A          2%          1    None
e - Vampiric Draining     Necr           ###.......   8%          3    ###....
f - Regeneration          Chrm/Necr      ##........   19%         3    ###....
g - Shock                 Conj/Air       #...         4%          1    None

Your spell library contained the following spells:

 Spells                   Type           Power        Failure   Level  Hunger
 Static Discharge         Conj/Air       #.......     13%         3    ###....
 Beastly Appendage        Tmut           ###...       1%          1    None
 Sticks to Snakes         Tmut           ###.....     1%          2    ##.....
 Pain                     Necr           ###.         2%          1    None
 Ensorcelled Hibernation  Hex/Ice        ###...       3%          2    ##.....
 Corona                   Hex            #......      16%         1    None
 Summon Small Mammal      Summ           #...         16%         1    None
 Call Imp                 Summ           #.......     24%         2    ##.....
 Dazzling Spray           Conj/Hex       #.....       13%         3    ###....
 Spider Form              Tmut/Pois      ##........   14%         3    ###....
 Animate Dead             Necr           N/A          24%         4    ####...
 Irradiate                Conj/Tmut      ##........   30%         5    ######.
 Blade Hands              Tmut           ###.......   36%         5    ######.
 Call Canine Familiar     Summ           #.......     43%         3    ###....
 Confuse                  Hex            #.......     43%         3    ###....
 Summon Guardian Golem    Hex/Summ       #.......     43%         3    ###....
 Tukima's Dance           Hex            #.......     43%         3    ###....
 Summon Lightning Spire   Summ/Air       #.......     83%         4    ####...
 Hydra Form               Tmut           ###.......   90%         6    #######
 Statue Form              Tmut/Erth      ##.......    100%        6    #######
 Dragon Form              Tmut           ###.......   100%        7    #######


Dungeon Overview and Level Annotations

Branches:
Dungeon (11/15)            Temple (1/1) D:6            Lair (6/6) D:10
 Shoals (0/4) Lair:4       Spider (0/4) Lair:2        Slime (0/5) Lair:5
    Orc (0/2) D:9

Altars:
Ashenzari
Cheibriados
Dithmenos
Elyvilon
Fedhas
Gozag
Hepliaklqana
Kikubaaqudgha
Makhleb
Nemelex Xobeh
Okawaru
Qazlal
Ru
Sif Muna
Trog
Uskayaw
Vehumet
Wu Jian
Xom
Yredelemnul
Zin
The Shining One

Shops:
D:5 ?!%   D:6 ?   D:7 %   D:8 *   D:9 *!=[!


Innate Abilities, Weirdness & Mutations

((You have sharp fingernails.))
((You have large cloven feet.))
You tend to lose your temper in combat.
((Your flesh is cold resistant. (rC+)))
You expend magic power (3 MP) to strengthen your wands.


Message History

The rime drake closely misses you. The yak gores you but does no damage.
The death yak gores you!
* * * LOW HITPOINT WARNING * * *
You hit the rime drake.
The rime drake is almost dead.
The rime drake bites you but does no damage.
The yak misses you. The death yak gores you.
* * * LOW HITPOINT WARNING * * *
The rime drake bites you but does no damage.
You hit the rime drake but do no damage.
The rime drake is almost dead.
The yak gores you.
* * * LOW HITPOINT WARNING * * *
The death yak barely misses you. The rime drake barely misses you.
You hit the rime drake.
The rime drake is almost dead.
The yak gores you but does no damage. The death yak gores you!
* * * LOW HITPOINT WARNING * * *
The rime drake bites you!
You die...

### ##.### ########### ...P.##
#...##.##.##
......###..........####
.......Y.....#......#.#
(Y...F##........kY....#
.##P..###.#.####YY..P.#
#########.### ##....### #
######..#.### ##.....### #
#...#.......###.#......##
###P...........###........##
..#.............###.#....#.##
.##P.###..##.......###....#.##
###########.#......P###...##†#
####..###.####.....###.....>####


You could see a death yak, a yak and a rime drake.

Vanquished Creatures
  Gastronok (Lair:1)
  Harold (D:7)
  4 hydras
  A centaur warrior (D:9)
  Erica (D:8)
  Nergalle (Lair:1)
  2 ugly things (D:11)
  A black mamba (Lair:6)
  2 elephants
  6 spiny frogs
  A centaur skeleton (D:10)
  A komodo dragon (Lair:2)
  2 kobold demonologists (D:11)
  2 rime drakes
  2 jumping spiders (Lair:2)
  2 polar bears
  2 trolls
  9 blink frogs
  Prince Ribbit (D:5)
  8 hippogriffs
  A slime creature (Lair:5)
  3 redbacks (Lair:2)
  Sigmund (D:6)
  A wyvern (D:8)
  11 yaks
  3 hogs (D:8)
  A human (D:8)
  2 basilisks
  A warg (Lair:3)
  Edmund (D:5)
  4 water moccasins
  7 porcupines
  4 orc warriors
  3 ice beasts
  3 phantoms
  3 sky beasts
  2 necrophages
  4 ogres
  5 wolves (Lair:3)
  4 centaurs
  6 crocodiles
  4 big kobolds
  9 bullfrogs
  A water moccasin zombie (D:8)
  3 scorpions
  3 troll zombies (D:9)
  8 wights (D:11)
  7 howler monkeys
  A centaur zombie (D:9)
  3 crimson imps
  6 jellies
  8 orc priests
  2 bullfrog zombies
  A gnoll shaman (D:9)
  5 hounds
  8 orc wizards
  Crazy Yiuf (D:5)
  3 bullfrog skeletons
  An iguana (D:4)
  4 worker ants
  7 hell rats
  5 ogre zombies (D:9)
  A hound skeleton (D:6)
  A worker ant zombie (D:5)
  5 gnolls (D:9)
  13 adders
  13 river rats
  2 shadow imps
  2 oozes
  2 adder zombies
  2 worms
  3 dart slugs
  3 leopard geckos
  29 orcs
  8 bats
  2 giant cockroaches
  4 hobgoblins
  13 jackals
  34 kobolds
  3 quokkas
  3 ball pythons
  13 frilled lizards
  11 goblins
  2 goblin skeletons (D:9)
  3 goblin zombies (D:9)
  A hobgoblin skeleton (D:9)
  3 hobgoblin zombies (D:9)
  A leopard gecko skeleton (D:6)
  2 leopard gecko zombies (D:7)
  An orc skeleton (D:9)
  15 orc zombies
  A quokka skeleton (D:4)
  10 rats
416 creatures vanquished.

Vanquished Creatures (collateral kills)
  A hydra (Lair:4)
  2 slime creatures (Lair:5)
  A hippogriff (Lair:6)
  A bullfrog (Lair:5)
5 creatures vanquished.

Vanquished Creatures (others)
  12 fungi
  16 plants
28 creatures vanquished.

Grand Total: 449 creatures vanquished

Notes
Turn   | Place    | Note
-------+----------+-------------------------------------------
     0 | D:1      | turbosurveil the Hill Orc Hunter began the quest for the
                  | Orb.
     0 | D:1      | Reached XP level 1. HP: 18/18 MP: 1/1
    63 | D:1      | Reached XP level 2. HP: 25/25 MP: 2/2
   204 | D:1      | Reached skill level 1 in Armour
   369 | D:1      | Reached XP level 3. HP: 30/30 MP: 3/3
  1130 | D:2      | Reached XP level 4. HP: 38/38 MP: 4/4
  1374 | D:2      | Found a sacrificial altar of Ru.
  1703 | D:3      | Found a glowing drain.
  1709 | D:3      | Reached XP level 5. HP: 35/45 MP: 5/5
  1808 | Sewer    | Entered a sewer
  2921 | D:4      | Noticed a necrophage
  2989 | D:4      | Killed a necrophage
  2989 | D:4      | Reached skill level 5 in Bows
  2989 | D:4      | Reached XP level 6. HP: 40/51 MP: 6/6
  3603 | D:5      | Entered Level 5 of the Dungeon
  3610 | D:5      | Found Rirchoa's Magic Scroll Shoppe.
  4041 | D:4      | Reached XP level 7. HP: 33/59 MP: 7/7
  4708 | D:5      | Noticed Prince Ribbit
  4755 | D:5      | Killed Prince Ribbit
  4755 | D:5      | Reached skill level 5 in Fighting
  4940 | D:5      | Found Yned's Distillery.
  4956 | D:5      | Noticed Edmund
  5004 | D:5      | Killed Edmund
  5004 | D:5      | Reached XP level 8. HP: 61/67 MP: 8/8
  5373 | D:5      | Found a runed door.
  5386 | D:5      | Found Naro's Food Shoppe.
  5410 | D:5      | Noticed Crazy Yiuf
  5467 | D:5      | Killed Crazy Yiuf
  5940 | D:6      | Reached skill level 1 in Maces & Flails
  5951 | D:6      | Reached skill level 5 in Armour
  6077 | D:6      | Noticed Sigmund
  6095 | D:6      | Killed Sigmund
  6095 | D:6      | Reached XP level 9. HP: 78/78 MP: 9/9
  6347 | D:6      | Found Qaaveifu's Magic Scroll Shoppe.
  6376 | D:6      | Found a burning altar of Makhleb.
  6404 | D:6      | Found a staircase to the Ecumenical Temple.
  6418 | Temple   | Entered the Ecumenical Temple
  6561 | Temple   | Became a worshipper of Vehumet
  6700 | D:6      | Learned a level 4 spell: Ice Form
  6836 | D:7      | Reached skill level 1 in Ice Magic
  6850 | D:7      | Noticed Harold
  7277 | D:7      | Found Zoegriaq's Food Boutique.
  7452 | D:7      | Reached skill level 1 in Transmutations
  7455 | D:7      | Reached skill level 1 in Spellcasting
  7718 | D:7      | Killed Harold
  8190 | D:7      | Found a shimmering altar of Xom.
  8190 | D:7      | Noticed a jumping spider
  8191 | D:7      | Found a shimmering altar of Xom.
  8250 | D:7      | Found a shimmering altar of Xom.
  8515 | D:8      | Reached * piety under Vehumet
  8515 | D:8      | Offered knowledge of Shock by Vehumet.
  8814 | D:7      | Learned a level 1 spell: Shock
  8926 | D:8      | Reached XP level 10. HP: 84/88 MP: 13/13
  9411 | D:8      | Found a hazy altar of Hepliaklqana.
  9494 | D:8      | Found Boneomp's Assorted Antiques.
  9661 | D:8      | Noticed Erica
  9681 | D:8      | Gained mutation: You evolve. [potion of mutation]
  9681 | D:8      | Gained mutation: You are resistant to hostile enchantments.
                  | (MR+) [potion of mutation]
  9681 | D:8      | Gained mutation: Armour fits poorly on your strangely
                  | shaped body. [potion of mutation]
  9681 | D:8      | Gained mutation: You have sharp fingernails. [potion of
                  | mutation]
  9710 | D:8      | Killed Erica
  9710 | D:8      | Reached skill level 5 in Ice Magic
 10163 | D:8      | HP: 3/90 [yak (13)]
 10580 | D:8      | Bought a scroll of identify for 54 gold pieces
 10580 | D:8      | Bought a scroll of identify for 54 gold pieces
 10738 | D:9      | Found Neoptip's Armour Shop.
 10766 | D:9      | Found Ikhoguok's Distillery.
 10769 | D:9      | Bought 2 potions of lignification for 78 gold pieces
 10769 | D:9      | Bought a potion of heal wounds for 65 gold pieces
 11072 | D:9      | Reached skill level 1 in Shields
 11463 | D:9      | Offered knowledge of Flame Tongue by Vehumet.
 11468 | D:9      | Learned a level 1 spell: Flame Tongue
 11490 | D:9      | Reached ** piety under Vehumet
 11680 | D:9      | Lost mutation: You evolve. [evolution]
 11865 | D:9      | Found a staircase to the Orcish Mines.
 12343 | D:9      | Reached XP level 11. HP: 95/95 MP: 16/16
 12349 | D:9      | Offered knowledge of Throw Frost by Vehumet.
 12369 | D:9      | Learned a level 2 spell: Throw Frost
 12437 | D:9      | Found Jiah's General Store.
 12460 | D:9      | Found Ighime Linn's Distillery.
 12469 | D:9      | Bought a potion of heal wounds for 60 gold pieces
 12469 | D:9      | Bought a potion of heal wounds for 60 gold pieces
 12469 | D:9      | Bought a potion of heal wounds for 60 gold pieces
 12469 | D:9      | Bought a potion of heal wounds for 60 gold pieces
 12631 | D:9      | Identified a scroll of acquirement
 12710 | D:9      | Found Gidoutte's Jewellery Shop.
 12795 | D:9      | Noticed a manticore
 13103 | D:10     | Entered Level 10 of the Dungeon
 13199 | D:10     | Noticed a two-headed ogre
 13378 | D:10     | Reached *** piety under Vehumet
 13484 | D:10     | Found a staircase to the Lair.
 13907 | D:10     | Offered knowledge of Olgreb's Toxic Radiance by Vehumet.
 13916 | D:10     | Learned a level 4 spell: Olgreb's Toxic Radiance
 13963 | D:10     | Learned a level 3 spell: Regeneration
 14608 | D:9      | Noticed a centaur warrior
 14630 | D:9      | Killed a centaur warrior
 15613 | D:11     | Got a fine leather armour
 15627 | D:11     | Identified the +3 leather armour "Nut Reti" {rF- rN+ Str+2
                  | Int+10} (You found it on level 11 of the Dungeon)
 15785 | D:11     | Noticed a brown ugly thing
 15833 | D:11     | Killed a brown ugly thing
 16595 | D:11     | Lost mutation: Armour fits poorly on your strangely shaped
                  | body. [potion of mutation]
 16595 | D:11     | Lost mutation: You are resistant to hostile enchantments.
                  | (MR+) [potion of mutation]
 16595 | D:11     | Gained mutation: You tend to lose your temper in combat.
                  | [potion of mutation]
 16595 | D:11     | Gained mutation: You expend magic power (3 MP) to
                  | strengthen your wands. [potion of mutation]
 16595 | D:11     | Gained mutation: Your flesh is cold resistant. (rC+)
                  | [potion of mutation]
 16595 | D:11     | Gained mutation: You have large cloven feet. [potion of
                  | mutation]
 16673 | D:11     | Noticed a brown ugly thing
 16730 | D:11     | Killed a brown ugly thing
 17417 | Lair:1   | Entered Level 1 of the Lair of Beasts
 17704 | Lair:1   | Noticed Gastronok
 17907 | Lair:1   | Killed Gastronok
 17907 | Lair:1   | Reached skill level 10 in Fighting
 17907 | Lair:1   | Reached XP level 12. HP: 48/106 MP: 11/18
 18165 | Lair:1   | Noticed Nergalle
 18181 | Lair:1   | Killed Nergalle
 18181 | Lair:1   | Reached skill level 5 in Transmutations
 19416 | Lair:2   | Reached **** piety under Vehumet
 19673 | Lair:2   | Noticed a six-headed hydra
 19718 | Lair:2   | Killed a six-headed hydra
 20038 | Lair:2   | Noticed a seven-headed hydra
 20087 | Lair:2   | Killed a seven-headed hydra
 20372 | Lair:2   | Reached skill level 1 in Necromancy
 21208 | Lair:2   | Found a hole to the Spider Nest.
 21859 | Lair:3   | Learned a level 4 spell: Summon Ice Beast
 21863 | Lair:3   | Learned a level 3 spell: Vampiric Draining
 21865 | Lair:3   | Learned a level 1 spell: Animate Skeleton
 22490 | Lair:4   | Found a staircase to the Shoals.
 23218 | Lair:4   | Noticed an eight-headed hydra
 23235 | Lair:4   | Killed an eight-headed hydra
 23235 | Lair:4   | Offered knowledge of Static Discharge by Vehumet.
 23235 | Lair:4   | Reached skill level 10 in Ice Magic
 24440 | Lair:5   | Noticed an eight-headed hydra
 24457 | Lair:4   | Reached skill level 1 in Evocations
 24631 | Lair:5   | Reached skill level 5 in Maces & Flails
 24631 | Lair:5   | Reached XP level 13. HP: 108/113 MP: 19/19
 25565 | Lair:5   | Found a staircase to the Slime Pits.
 26120 | Lair:6   | Entered Level 6 of the Lair of Beasts
 27825 | Lair:5   | Upgraded the game from 0.23-a0-417-gf02c810 to
                  | 0.23-a0-419-g0174fd8
 27848 | Lair:5   | HP: 2/135 [death yak (13)]
 27848 | Lair:5   | Mangled by a rime drake

Vault maps used:
D:1:      dpeg_arrival_three_same_balls
D:2:      nicolae_ru_the_path_less_chosen
D:3:      cheibrodos_sewer_entry_sluice
D:4:      first_ration, eino_small_chamber_without_monster
D:5:      serial_shops, nicolae_shop_statue_plus, nicolae_shop_window_shopping,
          shop, uniq_crazy_yiuf_cottage, uniq_prince_ribbit1, uniq_edmund
D:6:      minmay_temple_entry_grid, serial_shops, shop, st_stairs_7,
          hangedman_decor_peaks_small, makhleb_heckhound_becter, uniq_sigmund
D:7:      serial_shops, shop, xom_shifter_show, uniq_harold
D:8:      serial_shops, shop, basic_altar, grunt_livestock, uniq_erica
D:9:      zombieorc2_lemuel, serial_shops, shop, nicolae_shop_behind_doors,
          shop_coins, nicolae_shop_temple_entry_statues_fountains,
          kennysheep_little_box, kennysheep_nondescript
D:10:     grunt_lair_entry_orc_guard_hut, minivault_10
Temple:   compressed_dpeg_triangle_lava_temple
Lair:1:   uniq_gastronok, uniq_nergalle
Lair:2:   spider_nest_entry_funnel_web
Lair:3:   beast_lair_carwin_large_2, grunt_forest_stairs_basic
Lair:4:   shoals_dummy_entry, kennysheep_rathole, serial_bayou_shore_a,
          infiniplex_staircase_pool_2
Lair:5:   minmay_slime_entry_pillars
Lair:6:   wormcave, guppyfry_lair_end_dragon
Sewer:    sewer_co_cracked_pipes

Skill      XL: |  1  2  3  4  5  6  7  8  9 10 11 12 13 |
---------------+----------------------------------------+-----
Armour         | 1 2 3 4 5 7 8 9 |  9.5
Bows           | 4 5 6 |  6.7
Fighting       | 3 4 5 6 8 10 | 10.0
Dodging        | 2 3 4 |  4.6
Maces & Flails | 2 3 5 6 |  6.9
Ice Magic      | 4 6 8 10 | 10.0
Transmutations | 2 3 4 6 |  6.0
Spellcasting   | 2 3 4 |  4.0
Shields        | 3 4 |  4.0
Necromancy     | 3 4 |  4.5
Evocations     | 1 3 |  3.2
Stealth        | |  0.7

Action                   |  1- 3 |  4- 6 |  7- 9 | 10-12 | 13-15 || total
-------------------------+-------+-------+-------+-------+-------++-------
Melee: Short sword       |    14 |       |       |       |       ||    14
       Dagger            |     2 |       |       |       |       ||     2
       Whip              |       |       |   198 |  1076 |   154 ||  1428
       Shortbow          |       |       |     1 |       |       ||     1
       Unarmed           |       |       |       |    61 |    42 ||   103
 Fire: Shortbow          |    59 |   199 |   260 |       |       ||   518
Throw: Javelin           |       |       |     1 |     1 |       ||     2
 Cast: Throw Frost       |       |       |       |   163 |    52 ||   215
       Regeneration      |       |       |       |     3 |     2 ||     5
       Ice Form          |       |       |       |     5 |     3 ||     8
       Summon Ice Beast  |       |       |       |     2 |     7 ||     9
       Vampiric Draining |       |       |       |     1 |     5 ||     6
Evoke: Wand              |       |       |       |     1 |       ||     1
  Use: Scroll            |       |    10 |     5 |    18 |     3 ||    36
       Potion            |       |       |     7 |    23 |     4 ||    34
 Stab: Sleeping          |       |       |       |     1 |       ||     1
       Distracted        |       |       |       |       |     1 ||     1
  Eat: Chunk             |       |     2 |     1 |     8 |     5 ||    16
       Ration            |       |     2 |     5 |    13 |     2 ||    22
Armor: Leather armour    |     4 |    28 |       |   138 |    90 ||   260
       Scale mail        |       |       |   204 |   219 |       ||   423
       Skin              |       |       |     2 |   142 |    29 ||   173
Dodge: Dodged            |    12 |    54 |   206 |   544 |   132 ||   948
Block: Buckler           |       |       |    32 |   222 |    50 ||   304

Table legend:
 A = Non-vault XP
 B = Vault XP
 C = Vault XP percentage of total XP
 D = Non-vault monster count
 E = Vault monster count
 F = Vault count percentage of total count
                 A         B        C        D         E       F
            +---------+---------+-------+---------+---------+-------
      Total |   29787 |   10486 |  26.0 |     321 |     100 |  23.8
            +---------+---------+-------+---------+---------+-------
        D:1 |      43 |       0 |   0.0 |      21 |       0 |   0.0
        D:2 |      61 |       0 |   0.0 |      25 |       0 |   0.0
        D:3 |      66 |      19 |  22.4 |      18 |       3 |  14.3
        D:4 |     400 |       0 |   0.0 |      10 |       0 |   0.0
        D:5 |     465 |     471 |  50.3 |      11 |       3 |  21.4
        D:6 |     827 |     276 |  25.0 |      27 |       3 |  10.0
        D:7 |     787 |    1007 |  56.1 |      26 |       1 |   3.7
        D:8 |     882 |    1875 |  68.0 |      23 |       6 |  20.7
        D:9 |    3201 |     647 |  16.8 |      45 |      35 |  43.8
       D:10 |    1079 |     352 |  24.6 |      16 |       4 |  20.0
       D:11 |    2978 |       1 |   0.0 |      24 |       1 |   4.0
     Lair:1 |    1727 |    3113 |  64.3 |       8 |       2 |  20.0
     Lair:2 |    4116 |    1288 |  23.8 |      11 |       5 |  31.2
     Lair:3 |    1501 |     794 |  34.6 |       8 |       9 |  52.9
     Lair:4 |    3501 |     159 |   4.3 |      14 |       9 |  39.1
     Lair:5 |    5637 |     432 |   7.1 |      25 |       3 |  10.7
     Lair:6 |    2516 |       1 |   0.0 |       9 |       1 |  10.0
      Sewer |       0 |      51 | 100.0 |       0 |      15 | 100.0
            +---------+---------+-------+---------+---------+-------
